 Dungeon Crawl Stone Soup version 0.19.0-2-gae57169 (webtiles) character file.

1809 Leszczynek the Martial Artist (level 9, -6/59 HPs)
             Began as an Octopode Warper on Nov 4, 2016.
             Was a High Priest of Cheibriados.
             Mangled by an orc warrior
             ... wielding a +0 broad axe
              (24 damage)
             ... on level 7 of the Dungeon.
             The game lasted 00:23:18 (7195 turns).

Leszczynek the Martial Artist (Octopode Warper)     Turns: 7195, Time: 00:23:20

Health: -6/59      AC:  1    Str: 21    XL:     9   Next: 10%
Magic:  2/12       EV: 19    Int: 26    God:    Cheibriados [*****.]
Gold:   348        SH:  0    Dex: 26    Spells: 3 memorised, 5 levels left

rFire  . . .     SeeInvis +       - Unarmed
rCold  . . .     Gourm    .     (no shield)
rNeg   . . .     Faith    +     (helmet restricted)
rPois  .         Spirit   .     e - amulet of faith
rElec  .         Reflect  .     m - ring of see invisible
rCorr  .         Harm     .     (no ring)
MR     .....                    s - ring of flight
Stlth  ++++......               (no ring)
                                (no ring)
                                (no ring)
                                (no ring)
                                (no ring)

@: very slightly contaminated, very slow
A: almost no armour, stealthy swim, amphibious, 8 rings, constrict 8, camouflage
1, gelatinous body 1
a: Bend Time, Temporal Distortion, Slouch, Step From Time, Renounce Religion,
Evoke Flight


You were on level 7 of the Dungeon.
You worshipped Cheibriados.
Cheibriados was extremely pleased with you.
You were not hungry.

You visited 1 branch of the dungeon, and saw 7 of its levels.

You collected 348 gold pieces.

Inventory:

Hand Weapons
 b - a +2 hunting sling of flaming
 c - a +2 dagger of draining
 d - a +0 blowgun
Missiles
 f - 5 tomahawks of dispersal
 i - 18 sling bullets
 u - 20 tomahawks (quivered)
 A - 10 poisoned needles
 C - 6 steel tomahawks
Jewellery
 e - an amulet of faith (around mantle)
 m - a ring of see invisible (left tentacle)
 s - a ring of flight (on tentacle)
 t - an uncursed amulet of guardian spirit {unknown}
Wands
 r - a wand of slowing (33/48)
 z - a wand of lightning (0/15)
Scrolls
 q - 6 scrolls of remove curse
 v - a scroll of identify
 x - 2 scrolls of teleportation
 y - a scroll of fog
Potions
 h - a potion of ambrosia
 k - 3 potions of curing
 l - a potion of magic
 o - 4 potions of resistance
 w - 2 potions of haste
Books
 a - a book of Spatial Translocations

   Spells                             Type                      Level
   a - Blink                          Translocation                2
   b - Shroud of Golubria             Charms/Translocation         2
   c - Lesser Beckoning               Translocation                3
   d - Portal Projectile              Translocation                3
   e - Teleport Other                 Translocation                3
   f - Passage of Golubria            Translocation                4
Comestibles
 g - 3 beef jerkies
 n - 2 meat rations
 B - 3 bread rations


   Skills:
 + Level 4.7 Fighting
 - Level 1.0 Throwing
 * Level 6.4 Dodging
 - Level 2.3 Stealth
 - Level 8.0 Unarmed Combat
 - Level 2.0 Spellcasting
 - Level 3.0 Translocations
 + Level 3.3 Invocations


You had 5 spell levels left.
You knew the following spells:

 Your Spells              Type           Power        Failure   Level  Hunger
a - Blink                 Tloc           N/A          4%          2    ##.....
b - Shroud of Golubria    Chrm/Tloc      ##........   10%         2    ##.....
c - Lesser Beckoning      Tloc           ###.......   10%         3    ###....


Dungeon Overview and Level Annotations

Branches:
Dungeon (7/15)             Temple (0/1) D:4

Altars:
Cheibriados
Elyvilon
Fedhas
Hepliaklqana
Kikubaaqudgha
Yredelemnul
The Shining One

Annotations:
D:5 exclusion: 4 slaves, Blork the orc; Pikel
D:6 Prince Ribbit


Innate Abilities, Weirdness & Mutations

You cannot wear most types of armour.
You are very stealthy in the water. (Stealth+)
You are amphibious.
You can wear up to eight rings at the same time.
You can use your tentacles to constrict eight enemies at once.
Your skin changes colour to match your surroundings (Stealth+).
Your rubbery body absorbs attacks. (AC +1, EV +1)


Message History

The sling bullet hits the orc warrior but does no damage.
The orc warrior is severely wounded.
You can feel time thicken for a moment.
You feel somewhat more hungry.
Cheibriados lowers the support of your attributes as your movement quickens.
Unknown command.
Firing (i - inventory. (,) - cycle):
i - 19 sling bullets (quivered)
Press: ? - help, Shift-Dir - straight line, f/p - orc warrior
Aim: an orc warrior, wielding a broad axe and wearing a plate armour (almost dead, slow)
You shoot a sling bullet.
The sling bullet barely misses the orc warrior.
Wield which item (- for none, * to show all)? (? for menu, Esc to quit)
Your +2 hunting sling of flaming stops flaming.
You are now empty-tentacled.
You tentacle-slap the orc warrior but do no damage.
You grab the orc warrior.
You squeeze the orc warrior, but do no damage.
The orc warrior is almost dead.
You constrict the orc warrior.
The orc warrior hits you with a broad axe!!
You die...

##.##.# #.#.# #.##.#..#.##.
#.##.###.# #.#.# #.........##.
#........# #.#.. .>...#..####.
####.##### #.### ######..## #.
#.# #.##### ##...###. ###.##
#.#...# ##........ ##.>..##
#...#.# ##.......##
##......########....###.........#
.)(.(((..(((.(.o@.....'.........'
##).....########...####.###.###.#
##....## #.......# ### #.# ###
#.....# #.#####.# #.# #.....# #
#.....#### ###.### #.....#
#.#........# #.....# #.....#
#.#..##.##.# #.....# #.....#
#.......##.# #.....# ###.###
###..#####.###.....#


You could see an orc warrior.

Vanquished Creatures
  Grinder (D:4)
  The ghost of barbarian the Skirmisher, an amateur GrFi (D:3)
  Edmund (D:5)
  An ice beast (D:6)
  2 phantoms (D:4)
  A centaur (D:5)
  An ogre (D:4)
  A crimson imp (D:5)
  3 hounds
  2 orc priests
  2 bullfrog skeletons
  7 orc wizards
  Natasha (thrice) (D:3)
  2 iguanas (D:6)
  Ijyb (D:3)
  Terence (D:3)
  3 worker ants
  3 gnolls (D:6)
  5 adders
  2 shadow imps
  4 oozes
  5 worms
  2 dart slugs (D:1)
  2 leopard geckos
  18 orcs
  A ball python (D:7)
  3 giant cockroaches
  12 goblins
  14 hobgoblins
  8 jackals
  11 kobolds
  2 quokkas
  6 bats
  5 frilled lizards
  2 gnoll zombies (D:7)
  A leopard gecko zombie (D:6)
  8 rats
147 creatures vanquished.

Notes
Turn   | Place    | Note
-------+----------+-------------------------------------------
     0 | D:1      | Leszczynek the Octopode Warper began the quest for the Orb.
     0 | D:1      | Reached XP level 1. HP: 14/14 MP: 3/3
   250 | D:1      | Reached skill level 1 in Stealth
   548 | D:1      | Reached skill level 2 in Stealth
   548 | D:1      | Reached XP level 2. HP: 16/19 MP: 5/5
   845 | D:1      | Learned a level 2 spell: Blink
   851 | D:1      | Learned a level 2 spell: Shroud of Golubria
   909 | D:1      | Reached XP level 3. HP: 24/24 MP: 6/6
   913 | D:1      | Reached skill level 3 in Unarmed Combat
   943 | D:2      | Found a faded altar of an unknown god.
  1057 | D:2      | Became a worshipper of Cheibriados the Contemplative
  1057 | D:2      | Reached * piety under Cheibriados
  1057 | D:2      | FUCK
  1183 | D:2      | Found a blossoming altar of Fedhas.
  1251 | D:2      | Found a snail-covered altar of Cheibriados.
  1375 | D:2      | Reached XP level 4. HP: 25/29 MP: 7/7
  1533 | D:2      | Found an ancient bone altar of Kikubaaqudgha.
  1765 | D:2      | Reached ** piety under Cheibriados
  1788 | D:2      | Reached skill level 4 in Unarmed Combat
  2153 | D:3      | Noticed Natasha
  2166 | D:3      | Killed Natasha
  2166 | D:3      | Reached XP level 5. HP: 20/34 MP: 8/8
  2277 | D:3      | Noticed barbarian's ghost (amateur GrFi)
  2335 | D:3      | Noticed Natasha
  2402 | D:3      | Learned a level 3 spell: Lesser Beckoning
  2426 | D:4      | Found a staircase to the Ecumenical Temple.
  2535 | D:4      | Reached skill level 5 in Unarmed Combat
  2620 | D:5      | Entered Level 5 of the Dungeon
  2634 | D:4      | Noticed a phantom
  2690 | D:4      | Killed a phantom
  2690 | D:4      | Reached XP level 6. HP: 39/39 MP: 5/9
  2697 | D:4      | Reached *** piety under Cheibriados
  2708 | D:4      | Reached skill level 6 in Unarmed Combat
  2795 | D:4      | Reached skill level 1 in Invocations
  2822 | D:4      | Reached skill level 2 in Invocations
  2901 | D:4      | Found a white marble altar of Elyvilon.
  2985 | D:4      | Noticed a phantom
  3004 | D:4      | Killed a phantom
  3004 | D:4      | Reached skill level 3 in Dodging
  3004 | D:4      | Reached XP level 7. HP: 28/45 MP: 10/10
  3124 | D:4      | Reached skill level 3 in Fighting
  3192 | D:4      | Found a glowing golden altar of the Shining One.
  3345 | D:4      | Noticed Grinder
  3351 | D:4      | Paralysed by Grinder for 4 turns
  3359 | D:4      | Killed Grinder
  3359 | D:4      | Reached skill level 4 in Fighting
  3359 | D:4      | Reached skill level 4 in Dodging
  3669 | D:5      | Noticed Edmund
  4107 | D:5      | Noticed Blork the orc
  4234 | D:5      | Reached XP level 8. HP: 48/54 MP: 8/11
  4245 | D:5      | Killed Edmund
  4245 | D:5      | Reached skill level 7 in Unarmed Combat
  4441 | D:5      | Noticed Pikel
  4676 | D:5      | Reached **** piety under Cheibriados
  4691 | D:5      | Reached skill level 5 in Dodging
  5013 | D:6      | Noticed Prince Ribbit
  5362 | D:6      | Reached skill level 8 in Unarmed Combat
  5696 | D:3      | Noticed Terence
  5710 | D:3      | Killed Terence
  5821 | D:3      | Reached ***** piety under Cheibriados
  5922 | D:3      | Noticed Ijyb
  5936 | D:3      | Killed Ijyb
  5939 | D:3      | Killed Natasha
  6124 | D:3      | Found a hazy altar of Hepliaklqana.
  6226 | D:3      | Noticed Natasha
  6230 | D:3      | Killed Natasha
  6442 | D:3      | Killed barbarian's ghost
  6442 | D:3      | Reached skill level 6 in Dodging
  6442 | D:3      | Reached skill level 3 in Invocations
  6442 | D:3      | Reached XP level 9. HP: 33/59 MP: 6/12
  7074 | D:7      | Found a basalt altar of Yredelemnul.
  7195 | D:7      | Mangled by an orc warrior

Skill      XL: |  1  2  3  4  5  6  7  8 |
---------------+-------------------------+-----
Stealth        | 2 |  2.3
Unarmed Combat | 3 4 5 6 8 |  8.0
Invocations    | 2 3 |  3.3
Dodging        | 3 4 6 |  6.4
Fighting       | 4 |  4.7
Throwing       | |  1.0
Spellcasting   | |  2.0
Translocations | |  3.0

Action                   |  1- 3 |  4- 6 |  7- 9 || total
-------------------------+-------+-------+-------++-------
Melee: Unarmed           |    51 |    77 |   152 ||   280
       Tentacles         |    10 |    21 |    55 ||    86
       Constrict         |    14 |    21 |    42 ||    77
       Punch             |     1 |     3 |    18 ||    22
 Fire: Hunting sling     |     4 |    33 |    33 ||    70
       Blowgun           |       |       |     3 ||     3
Throw: Tomahawk          |       |       |     6 ||     6
 Cast: Shroud of Golubri |       |     5 |    11 ||    16
       Lesser Beckoning  |       |     1 |     5 ||     6
       Blink             |       |       |     1 ||     1
Invok: Bend Time         |       |       |     6 ||     6
       Slouch            |       |       |     1 ||     1
Evoke: Wand              |       |       |     4 ||     4
  Use: Scroll            |     3 |     3 |    15 ||    21
       Potion            |       |     1 |     2 ||     3
 Stab: Sleeping          |     7 |     1 |    10 ||    18
       Distracted        |       |       |     1 ||     1
  Eat: Chunk             |     1 |     2 |     6 ||     9
       Fruit             |       |       |     3 ||     3
Armor: Skin              |     3 |     2 |     8 ||    13
Dodge: Dodged            |    23 |    45 |    80 ||   148
